Match 41227405
Unlisted

Match 41227405
End
Construct Section Command Post
Royal Engineer Section
Selects Canadian Shock Battlegroup
Dingo Light Scout Car
Infantry Section
Infantry Section
Selects Attacking Spirit
Construct Platoon Command Post
Selects Incendiary Munitions
Humber Armored Car
Selects Canadian Shock Section
Canadian Shock Section
Infantry Training
Grenade Package
Selects Pyrotechnics
6-pounder Anti-tank Gun Team
Construct Company Command Post
Construct Field Infirmary
Canadian Shock Section
Crusader II Medium Tank
Selects Churchill Crocodile Heavy Tank
Royal Engineer Section
Royal Engineer Section
Crusader II Medium Tank
Royal Engineer Section
Crusader II Medium Tank
Selects Smoke Operation
Royal Engineer Section
Crusader II Medium Tank
Crusader II Medium Tank
Royal Engineer Section
Smoke Operation
6-pounder Anti-tank Gun Team
Crusader II Medium Tank
Smoke Operation
mrce
桂妮薇尔
0
0

Comments sign in to comment!

No comments posted yet!